Cogmind - Beta 17 @@@ ROGUE MODE // 2026.07.05 @ 21:07:44 Player: D4-RLM Result: Self-destructed Performance ------------- Evolutions (2) 1000 Regions Visited (5) 1000 Robots Destroyed (31) 155 Value Destroyed (647) 647 Prototype IDs (23) 460 Alien Tech Used (0) 0 Bonus (300) 300 TOTAL SCORE: 3562 Bonus ------- Aligned with FarCom 300 Cogmind --------- Core Integrity 491/550 Matter 216/300 Energy 800/800 System Corruption 0% Temperature Cool (0) Movement Rolling (135) Ox3 Location -8/Materials Parts ------- > --- POWER (1) -------- Hybrid Deuterium Engine > --- PROPULSION (4) --- Light Treads Armored Wheel Armored Wheel > --- UTILITY (4) ------ Huge Storage Unit ECM Suite Trap Reconfigurator > --- WEAPON (2) ------- (None) > --- INVENTORY (25) --- Hybrid Deuterium Engine Armored Wheel VTOL Module VTOL Module VTOL Module VTOL Module Large Storage Unit High-capacity Matter Pod (28) Seismic Detector ECM Suite Light Armor Plating System Restoration Module Spread Laser Assault Rifle Assault Rifle Grenade Launcher Rocket Launcher Datajack Mining Laser Flail Peak State ------------ > --- POWER ------------ Hybrid Deuterium Engine > --- PROPULSION ------- Light Treads Light Treads Armored Wheel Armored Wheel > --- UTILITY ---------- Huge Storage Unit ECM Suite Light Armor Plating Trap Reconfigurator > --- WEAPON ----------- EM Pulse Gun Assault Rifle > --- INVENTORY -------- Hybrid Deuterium Engine Armored Wheel VTOL Module VTOL Module VTOL Module VTOL Module Large Storage Unit High-capacity Matter Pod Seismic Detector ECM Suite Light Armor Plating Spread Laser Assault Rifle Assault Rifle Grenade Launcher Rocket Launcher Datajack Mining Laser Flail [Rating: 27] Favorites ----------- Power Light Ion Engine Engine Light Ion Engine Propulsion Light Treads Treads Light Treads Wheel Armored Wheel Utility Huge Storage Unit Device Seismic Detector Storage Huge Storage Unit Protection Light Armor Plating Weapon Assault Rifle Energy Gun EM Pulse Gun Ballistic Gun Assault Rifle Launcher Rocket Launcher Impact Weapon Flail Build | -11 -10 -10 -10 -9 -8 ------- Run | Yrd Mat Min Exi Min Mat Slots Evolved 4 | . . . . . 4 Power . | . . . . . . Propulsion 2 | . . . . . 2 Utility 2 | . . . . . 2 Weapon . | . . . . . . Parts Attached 24 | 7 5 1 . 6 5 Power 5 | 1 1 . . 2 1 Engine 5 | 1 1 . . 2 1 Core . | . . . . . . Reactor . | . . . . . . Propulsion 7 | 2 1 . . 2 2 Treads 3 | 1 . . . 1 1 Leg . | . . . . . . Wheel 4 | 1 1 . . 1 1 Hover . | . . . . . . Flight . | . . . . . . Utility 6 | 2 1 . . 1 2 Device 3 | 1 . . . . 2 Storage 2 | 1 1 . . . . Processor . | . . . . . . Hackware . | . . . . . . Protection 1 | . . . . 1 . Artifact . | . . . . . . Weapon 6 | 2 2 1 . 1 . Energy Gun 1 | . . 1 . . . Energy Cannon . | . . . . . . Ballistic Gun 2 | 2 . . . . . Ballistic Cannon . | . . . . . . Launcher 2 | . 2 . . . . Special Weapon . | . . . . . . Impact Weapon 1 | . . . . 1 . Slashing Weapon . | . . . . . . Piercing Weapon . | . . . . . . Special Melee Weapon . | . . . . . . Unidentified Prototypes . | . . . . . . Parts Lost 5 | . 1 . . 3 1 Power 2 | . 1 . . 1 . Propulsion 2 | . . . . 2 . Utility . | . . . . . . Weapon 1 | . . . . . 1 Highest Loss Streak 2 | . 1 . . 2 1 To Critical Strikes . | . . . . . . Average Backups 18 | 2 10 21 21 22 20 Power 1 | . 1 2 2 1 1 Propulsion 6 | 1 4 9 9 8 5 Utility 5 | . 2 6 6 7 5 Weapon 4 | . 1 4 4 5 7 Tool/Special . | . . . . . . Unused Backups 15 | . 2 . . . 13 Power 2 | . . . . . 2 Propulsion 7 | . 2 . . . 5 Utility 5 | . . . . . 5 Weapon 1 | . . . . . 1 Tool/Special . | . . . . . . Average Slot Usage (%) 99 | . 99 100 100 99 97 Engine 13 | . 13 14 14 13 9 Treads 14 | . 14 14 14 13 17 Wheel 14 | . 14 14 14 13 18 Device 9 | . 14 14 14 2 17 Storage 13 | . 14 14 14 14 9 Protection 6 | . . . . 11 8 Energy Gun 8 | . . 7 14 12 8 Ballistic Gun 17 | . 27 17 14 14 8 Peak Build Rating 27 | 7 10 11 11 12 27 Average Rating 12 | 5 7 10 10 11 25 On Entrance 8 | . 7 10 10 11 12 Avg Prop Armor Cover (%) 10 | 14 11 11 11 9 13 Naked Turns . | . . . . . . Heaviest Build 97 | 13 89 90 88 92 97 Greatest Support 24 | 20 12 12 12 20 24 Greatest Overweight (x) 8 | 1 8 7 7 7 4 Average Overweight (x) 6 | . 6 7 7 6 3 Largest Inventory Capacity 25 | 8 25 25 25 25 25 Average Capacity 24 | 6 22 25 25 25 25 Most Carried 24 | 3 21 21 22 24 23 Average Carried 18 | 2 10 21 21 22 19 Final Capacity 25 | 8 25 25 25 25 25 Final Carried 24 | 3 21 21 22 24 20 Class Distribution -------------------- 100% | Mutant Dominant Class ---------------- Mutant | -10/Materials Mutant | -10/Mines Mutant | -10/Exiles Mutant | -9/Mines Mutant | -8/Materials Resources | -11 -10 -10 -10 -9 -8 ----------- Run | Yrd Mat Min Exi Min Mat Matter Collected 768 | 232 309 . . 227 . Remotely . | . . . . . . Salvage Created 855 | 13 507 2 . 213 120 Parts 56 | 4 33 2 . 14 3 Haulers Intercepted 2 | . 2 . . . . Recyclers Shooed 4 | . 3 . . 1 . Parts Field Recycled . | . . . . . . Retrieved Matter . | . . . . . . Parts Self-Destructed . | . . . . . . Prevented . | . . . . . . Parts Restored . | . . . . . . Kills | -11 -10 -10 -10 -9 -8 ------- Run | Yrd Mat Min Exi Min Mat Combat Hostiles Destroyed 21 | . 10 2 . 7 2 Guns 9 | . 2 . . 6 1 AOE 12 | . 8 2 . 1 1 Classes Destroyed 9 | 1 7 . . 1 . Worker 1 | . 1 . . . . Builder 1 | . 1 . . . . Tunneler 1 | 1 . . . . . Hauler 2 | . 2 . . . . Recycler 3 | . 3 . . . . Watcher 2 | . 2 . . . . Swarmer 9 | . 3 2 . 4 . Grunt 11 | . 7 . . 2 2 Duelist 1 | . . . . 1 . Best Kill Streak 12 | 1 12 2 . 4 2 Combat Bots Only 8 | . 8 2 . 4 2 Max Kills in Single Turn 4 | 1 4 1 . 1 1 Gunslinging . | . . . . . . Exploded 2 | . 2 1 . 1 1 Melee . | . . . . . . Uniques/NPCs Destroyed . | . . . . . . Combat | -11 -10 -10 -10 -9 -8 -------- Run | Yrd Mat Min Exi Min Mat Hostile Shots Fired 104 | . 31 4 . 19 50 Missed 27 | . 5 1 . 3 18 Hits 77 | . 26 3 . 16 32 Projectile 77 | . 26 3 . 16 32 Critical Strikes 3 | . 1 . . . 2 Damage Taken 1343 | . 403 26 . 507 407 Core 252 | . 90 . . 103 59 Absorbed by Shields . | . . . . . . Core Remaining (%) 61 | 100 . . . 22 . Volleys Fired 65 | 1 33 2 . 16 13 Largest 2 | 2 2 1 . 2 2 Hottest 60 | 40 40 33 . 60 60 Shots Fired 108 | 2 54 2 . 24 26 Gun 94 | 2 42 . . 24 26 Cannon . | . . . . . . Launcher 14 | . 12 2 . . . Special . | . . . . . . Kinetic 73 | 2 42 . . 16 13 Thermal . | . . . . . . Explosive 14 | . 12 2 . . . Electromagnetic 21 | . . . . 8 13 Robot Hit Streak 10 | 1 7 5 . 10 9 Robot Miss Streak 3 | 1 2 . . 3 2 Penetration Max . | . . . . . . Secondary Targets 1 | . . . . 1 . Max Gunslinging Chain 1 | . . . . 1 . Shots Hit Robots 73 | 1 36 2 . 17 17 Core Hits 43 | 1 27 2 . 9 4 Critical Kills . | . . . . . . Critical Parts Destroyed . | . . . . . . Critical Strikes . | . . . . . . Melee Attacks 8 | . . . . 8 . Impact 8 | . . . . 8 . Slashing . | . . . . . . Piercing . | . . . . . . Sneak Attacks . | . . . . . . Combat Hostiles . | . . . . . . Follow-up Attacks . | . . . . . . Damage Inflicted 1968 | 14 1253 124 . 305 272 Guns 819 | 14 375 . . 217 213 Cannons . | . . . . . . Explosions 1149 | . 878 124 . 88 59 Melee . | . . . . . . Ramming . | . . . . . . Kinetic 614 | 14 375 . . 135 90 Thermal 147 | . . . . 88 59 Explosive 1002 | . 878 124 . . . Electromagnetic 205 | . . . . 82 123 Impact . | . . . . . . Slashing . | . . . . . . Piercing . | . . . . . . Highest Corruption 3 | . . . . 3 . Average Corruption 3 | . . . . 3 . Corruption Purged . | . . . . . . Corruption Blocked . | . . . . . . Effects 6 | . . . . 6 . Message Errors 1 | . . . . 1 . Matter Fused 2 | . . . . 2 . Heat Flow Errors 1 | . . . . 1 . Energy Discharges 1 | . . . . 1 . Data Loss (major) 1 | . . . . 1 . Overload Shots . | . . . . . . Overflow Damage 56 | . 39 17 . . . Projectiles . | . . . . . . Explosions 56 | . 39 17 . . . Melee . | . . . . . . Knockbacks . | . . . . . . Impact . | . . . . . . Kinetic . | . . . . . . Secondary . | . . . . . . Self-Inflicted Damage 151 | . 116 . . 35 . Shots 6 | . 5 . . 1 . Rammed . | . . . . . . Targets Rammed . | . . . . . . Kicked . | . . . . . . Crushed . | . . . . . . Highest Temperature 191 | . 18 . . 191 48 Average Temperature 47 | . 6 . . 68 27 Received Heat Transfer 381 | . 159 . . 42 180 Siege Activations . | . . . . . . Martial Activations . | . . . . . . Shielding Activations . | . . . . . . Robots Disrupted . | . . . . . . Combat Hostiles . | . . . . . . Robots Corrupted . | . . . . . . Combat Hostiles . | . . . . . . Parts Fried 1 | . . . . . 1 Impact Corruptions . | . . . . . . Robots Melted . | . . . . . . Combat Hostiles . | . . . . . . Parts Melted . | . . . . . . Heat Transferred 150 | . . . . 100 50 Parts Sabotaged . | . . . . . . Parts Stolen . | . . . . . . Parts Stripped . | . . . . . . Power Chain Reactions 2 | . . . . 1 1 Alert | -11 -10 -10 -10 -9 -8 ------- Run | Yrd Mat Min Exi Min Mat Maximum Alert Level 1 | . 1 . . . . Low Security (%) 94 | 100 82 100 . 100 100 Level 1 5 | . 17 . . . . Level 2 . | . . . . . . Level 3 . | . . . . . . Level 4 . | . . . . . . Level 5 . | . . . . . . High Security . | . . . . . . Max Security . | . . . . . . Peak Influence 268 | 5 268 79 . 89 44 Initial 46 | . . 46 . . 29 Average 36 | . 84 57 . 13 8 Influence Increases 699 | 5 400 43 . 183 68 Destroy 0b10 Robot/C 420 | . 200 40 . 140 40 Destroy 0b10 Robot/NC 50 | 5 45 . . . . Destroy Leader 98 | . 68 . . 20 10 Successful Hack 32 | . 18 . . . 14 Disable Machine 45 | . 30 . . 15 . Destroy Structure 54 | . 39 3 . 8 4 Influence Decreases 699 | 5 279 115 49 106 145 Entered New Map 172 | . . 75 49 . 48 Time Decay 487 | 5 269 40 . 76 97 Lost Part 40 | . 10 . . 30 . Squads Dispatched 5 | . 4 . . . 1 Investigation 2 | . 1 . . . 1 Extermination . | . . . . . . Reinforcement 3 | . 3 . . . . Assault . | . . . . . . Garrison . | . . . . . . Intercept . | . . . . . . Searches Triggered . | . . . . . . Construction Impeded . | . . . . . . Haulers Reinforced . | . . . . . . Active Scanning Responses . | . . . . . . Cargo Convoy Interrupts . | . . . . . . Stealth | -11 -10 -10 -10 -9 -8 --------- Run | Yrd Mat Min Exi Min Mat Distress Signals 3 | . 2 . . . 1 Communications Jammed . | . . . . . . Distress Signals . | . . . . . . Times Spotted 31 | . 16 2 . 7 6 Peak Tracking Total 6 | . 6 2 . 4 6 Tactical Retreats 4 | . . . . . 4 ECM-based Alert Blocks 7 | . . . . . 7 Traps | -11 -10 -10 -10 -9 -8 ------- Run | Yrd Mat Min Exi Min Mat Traps Triggered 1 | . . . . . 1 Indirectly . | . . . . . . Trap Hack Attempts . | . . . . . . Triggered . | . . . . . . Disarmed . | . . . . . . Reprogrammed . | . . . . . . Reused . | . . . . . . Traps Extracted . | . . . . . . Installed . | . . . . . . Triggered . | . . . . . . Machines | -11 -10 -10 -10 -9 -8 ---------- Run | Yrd Mat Min Exi Min Mat Machines Disabled 3 | . 2 . . 1 . Max in Single Turn 1 | . 1 . . 1 . Machines Repaired . | . . . . . . Machines Dismantled . | . . . . . . Machines Sabotaged . | . . . . . . Overloaded Fab Kills . | . . . . . . Hacking | -11 -10 -10 -10 -9 -8 --------- Run | Yrd Mat Min Exi Min Mat Machines Accessed 8 | . 5 . 2 . 1 Terminals 6 | . 5 . . . 1 Fabricators . | . . . . . . Repair Stations . | . . . . . . Recycling Units . | . . . . . . Scanalyzers . | . . . . . . Garrison Access . | . . . . . . Total Hacks 36 | . 8 . 24 . 4 Successful 28 | . 3 . 24 . 1 Failed 8 | . 5 . . . 3 Catastrophic 2 | . 1 . . . 1 Database Lockouts . | . . . . . . Manual 12 | . 7 . 1 . 4 Terminals 12 | . 8 . . . 4 Fabricators . | . . . . . . Repair Stations . | . . . . . . Recycling Units . | . . . . . . Scanalyzers . | . . . . . . Garrison Access . | . . . . . . Terminal Hacks 25 | . 1 . 24 . . Record 23 | . . . 23 . . Zone Layout 1 | . 1 . . . . Proto ID Catalog 1 | . . . 1 . . Fabricator Hacks . | . . . . . . Repair Station Hacks . | . . . . . . Recycling Unit Hacks . | . . . . . . Scanalyzer . | . . . . . . Garrison Access Hacks . | . . . . . . Unauthorized Hacks 3 | . 2 . . . 1 Terminals 3 | . 2 . . . 1 Botnet 3 | . 2 . . . 1 Fabricators . | . . . . . . Repair Stations . | . . . . . . Recycling Units . | . . . . . . Scanalyzers . | . . . . . . Garrison Access . | . . . . . . Data Cores Recovered . | . . . . . . Used . | . . . . . . Hacking Detections 6 | . 5 . . . 1 Full Trace Events 2 | . 1 . . . 1 Feedback Events . | . . . . . . Feedback Blocked . | . . . . . . Robot Schematics Acquired . | . . . . . . Robots Built . | . . . . . . Authchips . | . . . . . . Time . | . . . . . . Total Robot Build Rating . | . . . . . . Part Schematics Acquired . | . . . . . . Parts Built . | . . . . . . Authchips . | . . . . . . Time . | . . . . . . Total Part Build Rating . | . . . . . . Part Studies Acquired . | . . . . . . Parts Repaired . | . . . . . . Time . | . . . . . . Parts Recycled . | . . . . . . Recycled Matter . | . . . . . . Retrieved Matter . | . . . . . . Retrieved Components . | . . . . . . Parts Scanalyzed . | . . . . . . Part Schematics Acquired . | . . . . . . Parts Damaged . | . . . . . . Bothacking | -11 -10 -10 -10 -9 -8 ------------ Run | Yrd Mat Min Exi Min Mat Used RIF Installer . | . . . . . . Robots Hacked . | . . . . . . Non-combat . | . . . . . . Combat . | . . . . . . Robot Hacks Applied . | . . . . . . Relay Couplers Released . | . . . . . . Fabnet Peak Effective % . | . . . . . . Robots Rewired . | . . . . . . Allies Hacked . | . . . . . . Hacks Repelled . | . . . . . . Allies | -11 -10 -10 -10 -9 -8 -------- Run | Yrd Mat Min Exi Min Mat Total Allies . | . . . . . . Largest Group . | . . . . . . Highest-Rated Group . | . . . . . . Highest-Rated Ally . | . . . . . . Total Orders . | . . . . . . Ally Attacks . | . . . . . . Total Damage . | . . . . . . Kills . | . . . . . . Allies Corrupted . | . . . . . . Allies Melted . | . . . . . . Intel | -11 -10 -10 -10 -9 -8 ------- Run | Yrd Mat Min Exi Min Mat Active Infowar (turns) 2600 | 30 1164 97 458 335 516 Seismic 2084 | 30 1164 97 458 335 . ECM 516 | . . . . . 516 Robot Analysis Total . | . . . . . . Derelict Logs Recovered 1 | . . . . 1 . Drone Launches . | . . . . . . Drone Recoveries . | . . . . . . Exploration | -11 -10 -10 -10 -9 -8 ------------- Run | Yrd Mat Min Exi Min Mat Turns Passed 4076 | 68 1164 97 458 1771 518 Spaces Moved 1967 | 57 558 47 235 827 243 Core 1 | 1 . . . . . Treads 28 | 1 . . . 27 . Legs . | . . . . . . Wheels 1938 | 55 558 47 235 800 243 Hover . | . . . . . . Flight . | . . . . . . Fastest Speed 50 | 50 95 195 195 195 135 Average Speed 184 | 90 177 195 195 204 144 Slowest Speed 480 | 160 200 195 195 480 150 Overloaded Moves . | . . . . . . Propulsion Burnouts . | . . . . . . Robots Hopped . | . . . . . . Potential Cave-ins 3 | . . . . 3 . Cave-ins Triggered 1 | . . . . 1 . Exploration Rate (%) 45 | 3 69 25 61 98 17 Regions Visited 5 Branch Regions 3 Pre-discovered Areas 1 | . . . 1 . . Known Exits Taken . | . . . . . . Unknown Exits Taken 5 | 1 1 1 1 1 . Scrap Searched 2 | . . . . 2 . Spaces Dug 6 | . . . . 6 . Terrain Destroyed 65 | . 44 3 . 13 5 Melee 6 | . . . . 6 . Projectile . | . . . . . . AOE 59 | . 44 3 . 7 5 Terrain Rammed . | . . . . . . Walls Destroyed . | . . . . . . Machines Disabled . | . . . . . . Actions | -11 -10 -10 -10 -9 -8 --------- Run | Yrd Mat Min Exi Min Mat Total 2283 | 67 676 50 235 871 384 Wait 185 | . 57 . . 10 118 Move 1962 | 56 557 46 234 826 243 Hop . | . . . . . . Pick Up 29 | 3 19 . 1 4 2 Fast Attach 8 | 7 1 . . . . Attach 7 | . . . . 3 4 Detach . | . . . . . . Swap 12 | . 5 2 . 4 1 Drop 7 | . 4 . . . 3 Fire 65 | 1 33 2 . 16 13 Melee 8 | . . . . 8 . Ram . | . . . . . . Kick . | . . . . . . Crush . | . . . . . . Escape Stasis . | . . . . . . Rewire . | . . . . . . Trap . | . . . . . . Miscellaneous . | . . . . . . Route ------- -11/Scrapyard -10/Materials (discovered 3 exits: [*Mat x2] / [*Min]) -10/Mines (discovered 2 exits: [*Mat] / *Exi) -10/Exiles -9/Mines (discovered 2 exits: *Mat x2) -8/Materials History --------- Turn | Location | Event 42 | -11/Scrapyard | Discovered new exit (range 16) 69 | -11/Scrapyard | Entered Materials 122 | -10/Materials | Discovered new exit (range 15) 312 | -10/Materials | Build established: Mutant 683 | -10/Materials | Discovered new exit (range 13) 779 | -10/Materials | Destroyed 8 combat bots 1153 | -10/Materials | Discovered new exit (range 15) 1233 | -10/Materials | Entered Mines 1266 | -10/Mines | Discovered new exit (range 16) 1322 | -10/Mines | Deemed a non-threat by the Exiles lab entrance 1322 | -10/Mines | Discovered new exit (range 5) 1330 | -10/Mines | Entered Exiles 1377 | -10/Exiles | Met 8R-AWN 1410 | -10/Exiles | Met EX-HEX 1463 | -10/Exiles | Met EX-BIN 1492 | -10/Exiles | Aligned with FarCom system 1494 | -10/Exiles | Given EX-Vault access code 1541 | -10/Exiles | Opened EX-Vault 1555 | -10/Exiles | Found Trap Reconfigurator 1595 | -10/Exiles | Warned to stay clear of 0b10 Research branches 1661 | -10/Exiles | Met EX-DEC 1692 | -10/Exiles | Learned location of Zion (-6) 1768 | -10/Exiles | Discovered new exit (range 10) 1788 | -10/Exiles | Left Exiles lab with Trap Reconfigurator 1788 | -10/Exiles | Entered Mines 1932 | -9/Mines | Learned Materials emergency access door positions 3147 | -9/Mines | Crushed by falling debris 3147 | -9/Mines | Core integrity fell below 50% 3442 | -9/Mines | Discovered new exit (range 11) 3527 | -9/Mines | Discovered new exit (range 14) 3559 | -9/Mines | Entered Materials 3559 | -8/Materials | Evolved 4 slots: Propulsion x2, Utility x2 4077 | -8/Materials | Self-destructed Last Messages --------------- 03956_ Penetrated by Slug. 03969_ U-05 Engineer lays Concrete. 03970_ K-01 Serf cleans the Hadron Collector. 03971_ U-05 Engineer lays Concrete. 03972_ U-05 Engineer builds a Wall. 03990_ Slug penetrates Wall. 04003_ U-05 Engineer lays Concrete. 04010_ K-01 Serf cleans the Hadron Collector. 04011_ Drone sends a signal. 04011_ K-01 Serf cleans the Hadron Collector. 04040_ Penetrated by Slug. 04040_ EM Pulse Gun destroyed. 04045_ Triggered Blade Trap. 04045_ Massive razor-sharp blades shoot up from within the floor. 04045_ Lgt. Armor Plating severed. 04045_ Lgt. Treads severed. 04045_ Assault Rifle severed. 04047_ U-05 Engineer lays Concrete. [Achievement: Back For More] Map ----- +----------------------------------------------------+ | ???# #### " " """ # #????????????????? | | ???# ##??# " """ + #????????????????? | | ???# #???# # #????????????????? | | ???# !! #?# # # #####????????????? | | ???#* !! #??##! ! # !!#????????????? | | ??# ] ! #####+######### ! #????????????? | | ??# # % #???# *#????????????? | | ??# # #???# * #????????????? | | ??# # #???# !!#????????????? | | ??##+###### # % #???# !!#????????????? | | ??????????# # #???# #####????????????? | | ??????????# # #???# #????????????????? | | ??????????# # #???# #????????????????? | | ??????????# # #???# #????????????????? | | ??????????# g###+########### #????????????????? | | ??????????# C # #?????????? | | ??????????# ! ??????? | | ??????????# Y[ ?????? | | ??????????# ###+########### w w ??????? | | ??????????? # h #?# ###########??????? | | ??????????? # """ """ #?# #????????????????? | | ??????????????# """ """ #?# #????????????????? | | ??????????????# """ """ #?# #????????????????? | | ??????????????# #?# #????????????????? | | ??????????????# ""T"" #?? #????????????????? | | ??????????????# """"" @#?? #????????????????? | | ??????????????#############?? ????????????????? | | ????????????????????????????? ????????????????? | | ????????????????????????????? ????????????????? | | ????????????????????????????? ????????????????? | | ?????????????????????????????????????????????????? | | ?????????????????????????????????????????????????? | | ?????????????????????????????????????????????????? | | ??????????????????????????????+??????????????????? | | ?????????????????????????????????????????????????? | | ?????????????????????????????????????????????????? | | ?????????????????????????????????????????????????? | | ?????????????????????????????????????????????????? | | ????????????????????????????+????????????????????? | | ?????????????????????????????????????????????????? | | ?????????????????????????????????????????????????? | | ?????????????????????????????????????????????????? | | ?????????????????????????????w???????????????????? | | ?????????????????????????????????????????????????? | | ?????????????????????????????????????????????????? | | ?????????????????????????????????????????????????? | | ?????????????????????????????????????????????????? | | ?????????????????????????????????????????????????? | | ?????????????????????????????????????????????????? | | ?????????????????????????????????????????????????? | +----------------------------------------------------+ Best States ------------- Heat Dissipation 31 Energy Generation 10 Energy Capacity 800 Matter Stores 300 Matter Capacity 300 Sight Range 16 Terrain Scan Density 10 ECM Strength 1 Armor Coverage 150 Evasion (%) 44 Recoil Reduction 2 Item Schematics ----------------- None Robot Schematics ------------------ None Fabricated ------------ Nothing Repaired ---------- Nothing Studied --------- None Alien Tech Used ----------------- None Achievements -------------- Back For More Challenges ------------ None Game ------ Seed SurgeHackingHoverbase Manual? 0 Play Time 00:28:21 Cumulative 35.3 hours Start 2026.07.05 @ 20:30:13 End 2026.07.05 @ 21:07:44 Sessions 1 Manual Loads 0 Difficulty Rogue Special Mode None Game No. 50 Rogue 46 Adventurer 4 Explorer 0 Win Type - Total 0 Types 0/0/0/0/0/0/0/0/0/0 Lore% 11 Gallery% 15 Achievement% 15 Wizard Run 0 Options --------- Layout 2 ASCII 0 Keyboard 1 Movement Numpad Keybinds 0 Fullscreen 1 Font 24/Terminus Map View 50x44 Zoom Use 55% Tactical HUD 1 Map Filters NONE Filters NONE Steam 1 RUN: 840c1f3b-48a2-4ebd-b58d-f586740efade